 Seeded DCSS version 0.28.0-1-gb440e238dd (webtiles) character file.

Game seed: 10844669733645250963 (custom seed)

48 hikkokomori the Bolt Thrower (level 4, 0/35 HPs)
             Began as a Formicid Hunter on Feb 25, 2022.
             Slain by an adder (1 damage)
             ... on level 1 of the Dungeon.
             The game lasted 00:03:18 (2450 turns).

hikkokomori the Bolt Thrower (Formicid Hunter)      Turns: 2450, Time: 00:03:19

Health: 0/35       AC:  4    Str: 19    XL:     4   Next: 0%
Magic:  4/4        EV: 11    Int: 10    God:
Gold:   53         SH:  0    Dex: 11    Spells: 3/3 levels left

rFire   . . .      SeeInvis +   b - +0 short sword
rCold   . . .      Faith    .   (no shield)
rNeg    . . .      Spirit   .   c - +0 leather armour
rPois   .          Reflect  .   (helmet unavailable)
rElec   .          Harm     .   (no cloak)
rCorr   .          Rampage  .   (no gloves)
Will    +....                   k - +0 pair of boots
Stlth   +.........              (no amulet)
HPRegen 0.11/turn               i - ring of willpower
MPRegen 0.09/turn               (no ring)

@: no status effects
A: permanent stasis, dig shafts and tunnels, antennae 3, four strong arms
a: Dig, Shaft Self


You were on level 1 of the Dungeon.
You visited 1 branch of the dungeon, and saw 2 of its levels.

You collected 53 gold pieces.

Inventory:

Hand Weapons
 a - a +1 hand crossbow
 b - a +0 short sword (weapon)
Missiles
 d - 20 bolts
 h - 3 poisoned darts (quivered)
Armour
 c - a +0 leather armour (worn)
 k - a +0 pair of boots (worn)
Jewellery
 i - a ring of willpower (left hand)
Scrolls
 e - 6 scrolls of identify {unknown}
 f - a scroll of immolation {unknown}
Potions
 g - a potion of curing
 j - a potion of flight {unknown}


   Skills:
 + Level 3.4 Fighting
 + Level 4.7 Crossbows
 - Level 1.7 Dodging
 - Level 1.2 Stealth


You had 3 spell levels left.
You didn't know any spells.
Your spell library was empty.

Dungeon Overview and Level Annotations

Branches:
Dungeon (2/15)

Altars:

Annotations:
D:2 Robin


Innate Abilities, Weirdness & Mutations

You cannot be hasted, slowed, berserked, paralysed or teleported.
You can dig through walls and to a lower floor.
You have a pair of large antennae on your head. (SInv)
Your four strong arms can wield two-handed weapons with a shield.


Message History

You feel stronger. The adder bites you but does no damage. The adder bites you.
* * * LOW HITPOINT WARNING * * *
You open the door. The adder misses you.
There is an open door here.
The adder misses you.
You hit the adder.
The adder is moderately wounded.
The adder misses you.
Unknown command.
Okay, then.
You hit the adder.
The adder is heavily wounded.
The adder closely misses you. The adder bites you but does no damage.
Unknown command.
You hit the adder.
The adder is severely wounded.
The adder bites you but does no damage.
Unknown command.
You hit the adder.
The adder is almost dead.
The adder bites you but does no damage.
Unknown command.
You closely miss the adder. Your punch misses the adder.
The adder is almost dead.
The adder bites you.
* * * LOW HITPOINT WARNING * * *
The adder closely misses you.
Unknown command.
You miss the adder.
The adder is almost dead.
The adder closely misses you.
Unknown command.
You closely miss the adder.
The adder is almost dead.
The adder bites you.
* * * LOW HITPOINT WARNING * * *
The adder bites you.
You die...

#..............)).....###....###
##..............>....)...'....'..
#..PP._....##..........###....###
#..P♣♣P♣P..##..........# ###.....
#....P..♣..##..........# #.....
#.....PPP..##..........#####.....
#.#.......###..........#...'.....
#.#######.# ##+#S#######.###.....
#.######..####.#@# ###.# #.....
#...†..........#.# #...#####'##
##########.#####.#####.####.....#
#...# #.(........'.....'
###.###.....#.####.....#
#...#.....#.# #.....#
###.#.....#.## #......
#.###'#.#..# #...... #.# #.#.##.#
######.


You could see an adder.

Vanquished Creatures
  A dart slug (D:1)
  An orc (D:2)
  6 bats
  5 endoplasms (D:1)
  4 giant cockroaches (D:1)
  5 goblins
  2 hobgoblins (D:2)
  2 quokkas (D:1)
  4 ball pythons
  3 frilled lizards (D:1)
  5 kobolds
  4 rats
42 creatures vanquished.

Vanquished Creatures (others)
  5 fungi (D:1)
  4 plants (D:1)
9 creatures vanquished.

Grand Total: 51 creatures vanquished

Notes
Turn   | Place    | Note
-------+----------+-------------------------------------------
     0 | D:1      | hikkokomori the Formicid Hunter began the quest for the
                  | Orb.
     0 | D:1      | Reached XP level 1. HP: 16/16 MP: 1/1
   410 | D:1      | Reached XP level 2. HP: 8/23 MP: 2/2
  1064 | D:1      | Found a faded altar of an unknown god.
  1084 | D:1      | Reached XP level 3. HP: 21/29 MP: 3/3
  2417 | D:2      | Noticed Robin
  2436 | D:1      | Reached XP level 4. HP: 6/35 MP: 4/4
  2450 | D:1      | HP: 1/35 [adder (3)]
  2450 | D:1      | Slain by an adder

Illustrated notes

Levels and vault maps discovered:
D:1:      dpeg_arrival_arbitrary_c, layout_basic,
          dreamdust_ecumenical_altar_grove
D:2:      layout_basic, uniq_robin

Skill      XL: |  1  2 |
---------------+-------+-----
Fighting       | 3 |  3.4
Crossbows      | |  4.7
Dodging        | |  1.7
Stealth        | |  1.2

Action                   |  1- 3 |  4- 6 || total
-------------------------+-------+-------++-------
Melee: Short sword       |   172 |     7 ||   179
       Punch             |     2 |       ||     2
 Stab: Sleeping          |     2 |       ||     2
Armor: Leather armour    |    63 |     4 ||    67
Dodge: Dodged            |   141 |     6 ||   147
